 Dungeon Crawl Stone Soup version 0.29-a0-542-g075992c915 (webtiles) character file.

Game seed: 2880415030701152126

4602 Nedwor the Cleaver (level 10, -2/135 HPs)
             Began as a Minotaur Berserker on June 3, 2022.
             Was an Elder of Trog.
             Slain by a death yak (4 damage)
             ... on level 9 of the Dungeon.
             The game lasted 00:14:54 (8372 turns).

Nedwor the Cleaver (Minotaur Berserker)             Turns: 8372, Time: 00:14:54

Health: -2/135     AC:  9    Str: 31    XL:     10   Next: 19%
Magic:  9/9        EV: 14    Int:  4    God:    Trog [****..]
Gold:   415        SH:  5    Dex: 11    Spells: 9/9 levels left

rFire   . . .      SeeInvis .   y - +2 hand axe (vorpal)
rCold   . . .      Faith    .   (no shield)
rNeg    . . .      Spirit   .   a - +0 plate armour
rPois   .          Reflect  +   t - +2 hat
rElec   .          Harm     .   (no cloak)
rCorr   .          Rampage  .   j - +0 pair of gloves
Will    .....                   (no boots)
Stlth   ..........              z - amulet of reflection
HPRegen 0.32/turn               r - +4 ring of evasion
MPRegen 0.11/turn               x - +6 ring of strength

@: berserking (expiring), corroded, very quick
A: horns 2, retaliatory headbutt
a: Renounce Religion, Berserk, Trog's Hand, Brothers in Arms


You were on level 9 of the Dungeon.
You worshipped Trog.
Trog was greatly pleased with you.
You visited 1 branch of the dungeon, and saw 9 of its levels.
You also visited: Ossuary.

You collected 415 gold pieces.

Inventory:

Hand Weapons
 y - a +2 vorpal hand axe (weapon)
Armour
 a - a +0 plate armour (worn)
 j - a +0 pair of gloves (worn)
 t - a +2 hat (worn)
Jewellery
 r - a +4 ring of evasion (left hand)
 x - a +6 ring of strength (right hand)
 z - an amulet of reflection (around neck)
Wands
 m - a wand of flame (19)
 w - a wand of iceblast (19)
Scrolls
 b - 2 scrolls of blinking (quivered) {unknown}
 e - 2 scrolls of enchant armour
 g - 3 scrolls of identify
 h - 2 scrolls of teleportation
 i - 2 scrolls of amnesia {unknown}
 k - 2 scrolls of magic mapping
 l - 3 scrolls of fog
 n - 2 scrolls of fear {unknown}
 o - 2 scrolls of immolation {unknown}
 p - a scroll of noise {unknown}
 q - 2 scrolls of poison {unknown}
 D - a scroll of enchant weapon {unknown}
 E - a scroll of torment {unknown}
Potions
 c - 2 potions of ambrosia {unknown}
 d - 2 potions of might {unknown}
 f - 4 potions of heal wounds
 s - a potion of resistance {unknown}
 u - a potion of degeneration {unknown}
 v - 2 potions of magic {unknown}
 A - a potion of flight {unknown}
 B - a potion of curing {unknown}
 C - a potion of cancellation {unknown}
 F - a potion of lignification {unknown}
 G - 2 potions of haste {unknown}
 H - a potion of mutation {unknown}
 I - a potion of brilliance {unknown}
 J - a potion of invisibility {unknown}


   Skills:
 + Level 8.8 Fighting
 * Level 11.9 Axes
 + Level 8.3 Armour
 + Level 7.6 Dodging


You had 9 spell levels left.
You didn't know any spells.
Your spell library was empty.

Dungeon Overview and Level Annotations

Branches:
Dungeon (9/15)             Temple (0/1) D:4            Lair (0/6) D:9
Ossuary (visited)
    Orc: D:9-12

Altars:
Wu Jian

Annotations:
D:6 2 runed translucent doors, MagicSucks's ghost, novice NaDe


Innate Abilities, Weirdness & Mutations

You have a pair of horns on your head.
You reflexively headbutt those who attack you in melee.


Message History

You kill the orc!
Trog accepts your kill. The death yak gores you.
A gnoll comes into view. It is wielding a +0 spear.
The death yak snorts and paws the ground.
The death yak gores you!! The death yak closely misses you.
You barely miss the orc warrior.
The gnoll shouts!
You hit the centaur. You hit the death yak. You barely miss the death yak.
You hit the death yak. The centaur hits you.
The centaur kicks you but does no damage.
You hit the orc warrior.
The orc warrior is moderately wounded.
You slash the centaur! You hit the death yak. x2
You hit the death yak but do no damage. The death yak gores you!
A gnoll sergeant comes into view. It is wielding a +4 spear of venom.
The orc warrior hits you with a +0 battleaxe!
The death yak closely misses you. The acid dragon spits acid at you.
The splash of acid hits you!! The acid corrodes you! The death yak gores you!!
* * * LOW HITPOINT WARNING * * *
The centaur barely misses you.
The centaur kicks you but does no damage.
You hear a shout!
You barely miss the orc warrior. Your headbutt misses the orc warrior.
Your punch misses the orc warrior.
The orc warrior is moderately wounded.
You slash the death yak! You hit the death yak but do no damage.
You slash the death yak! You hit the centaur.
You hit the orc warrior but do no damage.
The orc warrior is moderately wounded.
You hit the centaur but do no damage.
You hit the death yak but do no damage. x3
The centaur hits you.
* * * LOW HITPOINT WARNING * * *
You block the centaur's attack. The orc warrior completely misses you.
A death yak comes into view.
The death yak gores you!!
* * * LOW HITPOINT WARNING * * *
The death yak gores you.
You die...

Y........#
.###g.......#
#......g....#
..>.........#
............#
..#....Y....#
......Y.c...#
##Y@Y...#
..#.D)oo..#
........<..#
.....#......#
.....#......#
.... #......#
... +......#
... #.......
#........


You could see 5 death yaks, an orc warrior, an acid dragon (catching breath), a
gnoll sergeant, a centaur, a gnoll and an orc.

Vanquished Creatures
  2 two-headed ogres
  Maggie (D:8)
  Sigmund (D:5)
  Grum (D:8)
  3 ice beasts
  2 orc warriors
  2 black bears
  2 wolves (D:8)
  An ogre (D:5)
  A phantom (D:6)
  A kobold brigand (D:8)
  8 bullfrogs
  3 elf zombies (Ossuary)
  5 scorpions
  A centaur zombie (Ossuary)
  A hound (D:4)
  3 human zombies (Ossuary)
  2 orc priests (D:7)
  2 jellies
  4 iguanas
  6 orc wizards
  A hound zombie (Ossuary)
  3 mummies (Ossuary)
  4 gnolls (D:5)
  5 adders
  2 white imps
  3 adder zombies (Ossuary)
  4 worms
  3 dart slugs
  30 orcs
  9 bats
  13 endoplasms
  5 giant cockroaches
  3 gnoll zombies (Ossuary)
  7 goblins
  8 hobgoblins
  2 jackals (D:2)
  4 quokkas
  7 ball pythons
  7 frilled lizards
  A goblin zombie (Ossuary)
  7 hobgoblin zombies (Ossuary)
  3 jackal zombies (Ossuary)
  15 kobolds
  2 kobold zombies (Ossuary)
  3 orc zombies (Ossuary)
  2 quokka zombies (Ossuary)
  6 rats
  4 rat zombies (Ossuary)
215 creatures vanquished.

Notes
Turn   | Place    | Note
-------+----------+-------------------------------------------
     0 | D:1      | Nedwor the Minotaur Berserker began the quest for the Orb.
     0 | D:1      | Reached XP level 1. HP: 19/19 MP: 0/0
   210 | D:1      | Reached XP level 2. HP: 27/27 MP: 1/1
   212 | D:1      | Reached skill level 4 in Axes
   388 | D:1      | Found a faded altar of an unknown god.
  1119 | D:1      | Reached XP level 3. HP: 33/33 MP: 2/2
  1387 | D:2      | Reached ** piety under Trog
  2165 | D:2      | You fall into a shaft and drop 2 floors!
  2165 | D:4      | Found a staircase to the Ecumenical Temple.
  2196 | D:4      | Reached XP level 4. HP: 40/40 MP: 3/3
  2202 | D:4      | Noticed a scorpion
  2212 | D:4      | Killed a scorpion
  2213 | D:4      | Reached skill level 5 in Axes
  2403 | D:4      | Reached XP level 5. HP: 46/47 MP: 4/4
  2588 | D:3      | Reached *** piety under Trog
  2981 | D:3      | Found an ornate altar of the Wu Jian Council.
  3154 | D:4      | Reached skill level 6 in Axes
  3154 | D:4      | Reached XP level 6. HP: 55/55 MP: 5/5
  3160 | D:4      | Reached skill level 5 in Fighting
  3681 | D:5      | Entered Level 5 of the Dungeon
  3696 | D:5      | Noticed Sigmund
  3705 | D:5      | Killed Sigmund
  3706 | D:5      | Reached skill level 7 in Axes
  3706 | D:5      | Reached XP level 7. HP: 56/61 MP: 6/6
  3791 | D:5      | Reached skill level 5 in Armour
  4760 | D:6      | Found a runed translucent door.
  4780 | D:6      | Reached skill level 5 in Dodging
  4781 | D:6      | Noticed MagicSucks's ghost (novice NaDe)
  4827 | D:6      | Reached skill level 8 in Axes
  4827 | D:6      | Reached XP level 8. HP: 70/70 MP: 7/7
  4972 | D:6      | Reached **** piety under Trog
  5528 | D:6      | Found a runed translucent door.
  5868 | D:7      | Noticed a two-headed ogre
  5876 | D:7      | Killed a two-headed ogre
  5877 | D:7      | Reached skill level 9 in Axes
  5877 | D:7      | Reached XP level 9. HP: 79/79 MP: 8/8
  6288 | D:7      | Reached skill level 10 in Axes
  6338 | D:7      | Found a sand-covered staircase.
  6356 | Ossuary  | Entered an ossuary
  7689 | D:8      | Noticed a two-headed ogre
  7697 | D:8      | Killed a two-headed ogre
  7698 | D:8      | Reached skill level 11 in Axes
  7839 | D:8      | Reached XP level 10. HP: 90/90 MP: 9/9
  7944 | D:8      | Noticed Grum
  7954 | D:8      | Killed Grum
  8013 | D:8      | Noticed Maggie
  8022 | D:8      | Killed Maggie
  8353 | D:9      | Noticed a death yak
  8353 | D:9      | Found a staircase to the Lair.
  8355 | D:9      | Noticed a death yak
  8356 | D:9      | Noticed a death yak
  8358 | D:9      | Noticed a death yak
  8372 | D:9      | Noticed a death yak
  8372 | D:9      | HP: 2/135 [death yak (26)]
  8372 | D:9      | Slain by a death yak

Illustrated notes

Levels and vault maps discovered:
D:1:      nicolae_arrival_memento_mori, layout_loops_corners,
          shapermc_ecumenical_altar_mp_highgroup
D:2:      layout_loops_cross
D:3:      layout_rooms, nicolae_wu_jian_glorious_leap
D:4:      layout_rooms, minmay_temple_entry_arrows
D:5:      layout_basic, uniq_sigmund
D:6:      layout_gridville, ebering_ghost_sewer_f, kennysheep_generic_room_6
D:7:      layout_cave_pods, nicolae_ossuary_entry_monument
D:8:      layout_basic, serial_glass, glass_columns_b, glass_columns_b,
          glass_columns_c, glass_columns_a, glass_columns_c, glass_columns_c,
          glass_columns_b, glass_columns_b, glass_columns_a, glass_columns_c,
          glass_columns_c, glass_columns_b, glass_columns_a, glass_columns_a,
          minivault_11, uniq_grum, uniq_maggie
D:9:      layout_gridville, dpeg_lair_monsters, uniq_erolcha

Skill      XL: |  1  2  3  4  5  6  7  8  9 |
---------------+----------------------------+-----
Axes           | 4 5 6 7 8 9 11 | 11.9
Fighting       | 4 5 6 7 8 |  8.8
Armour         | 3 4 5 6 8 |  8.3
Dodging        | 3 4 5 6 7 |  7.6

Action                   |  1- 3 |  4- 6 |  7- 9 | 10-12 || total
-------------------------+-------+-------+-------+-------++-------
Melee: Hand axe          |    97 |   111 |   280 |    41 ||   529
       Headbutt          |    15 |    18 |    59 |     8 ||   100
       Punch             |       |     1 |     6 |       ||     7
Invok: Berserk           |       |     5 |    11 |     3 ||    19
       Trog's Hand       |       |       |     2 |       ||     2
  Use: Scroll            |       |       |     5 |     1 ||     6
       Potion            |       |       |     1 |       ||     1
Armor: Animal skin       |    15 |       |       |       ||    15
       Chain mail        |     7 |    61 |   121 |     1 ||   190
       Plate armour      |       |       |       |    11 ||    11
Dodge: Dodged            |    52 |    49 |   174 |    19 ||   294
Block: Other             |       |       |    51 |     7 ||    58
       Reflection        |       |       |     5 |     1 ||     6

Table legend: (Time is in decaauts)
 A = Elapsed time spent in this place.
 B = Non-inter-level travel time spent in this place.
 C = Inter-level travel time spent in this place.
 D = Time resting spent in this place.
 E = Time spent auto-exploring this place.
 F = Levels seen in this place.
 G = Mean time per level.
                   A        B        C        D        E       F      G
               +--------+--------+--------+--------+--------+-----+--------+
         Total |   8500 |   7989 |    511 |   1137 |   5561 |  10 |  850.0 |
       Dungeon |   8173 |   7662 |    511 |   1127 |   5390 |   9 |  908.1 |
       Ossuary |    327 |    327 |      0 |     10 |    171 |   1 |  327.0 |
               +--------+--------+--------+--------+--------+-----+--------+

Top non-repeatable levels by time:
     D:1: 1360 daAuts
     D:7: 1292 daAuts
     D:6: 1237 daAuts
     D:5: 1114 daAuts
     D:4: 961 daAuts
     D:2: 908 daAuts
     D:8: 718 daAuts
     D:3: 570 daAuts
 Ossuary: 327 daAuts
     D:9: 10 daAuts
